 Dungeon Crawl Stone Soup version 0.28.0-53-g5a82cb258f (webtiles) character file.

Game seed: 4124175155798477261

775 Tirrikindir the Skirmisher (level 7, -6/50 HPs)
             Began as an Octopode Fighter on Aug 9, 2022.
             Was a Believer of Ru.
             Mangled by an iguana (14 damage)
             ... on level 5 of the Dungeon.
             The game lasted 00:09:31 (3820 turns).

Tirrikindir the Skirmisher (Octopode Fighter)       Turns: 3820, Time: 00:09:32

Health: -6/50      AC:  1    Str: 15    XL:     7   Next: 84%
Magic:  7/7        EV: 12    Int: 10    God:    Ru [**....]
Gold:   72         SH: 14    Dex: 14    Spells: 6/6 levels left

rFire   . . .      SeeInvis .   a - +0 long sword
rCold   . . .      Faith    .   i - +0 kite shield
rNeg    . . .      Spirit   .   (helmet restricted)
rPois   .          Reflect  +   g - amulet of reflection
rElec   .          Harm     .   (no ring)
rCorr   .          Rampage  .   (no ring)
Will    .....                   (no ring)
Stlth   ++++......              (no ring)
HPRegen 0.16/turn               (no ring)
MPRegen 0.10/turn               (no ring)
                                (no ring)
                                (no ring)

@: no status effects
A: almost no armour, amphibious, 8 rings, camouflage 1, gelatinous body 1, hated
by all, (nimble swimmer 1), tentacles
a: Renounce Religion


You were on level 5 of the Dungeon.
You worshipped Ru.
Ru was pleased with you.
You visited 1 branch of the dungeon, and saw 5 of its levels.

You collected 137 gold pieces.
You spent 65 gold pieces at shops.

Inventory:

Hand Weapons
 a - a +0 long sword (weapon)
 h - a +0 short sword of freezing
Missiles
 f - a boomerang (quivered)
Armour
 i - a +0 kite shield (worn)
Jewellery
 g - an amulet of reflection (around mantle)
Scrolls
 b - a scroll of identify
 j - a scroll of magic mapping
 k - a scroll of immolation
Potions
 c - 2 potions of might
 d - 5 potions of flight
 l - a potion of heal wounds {unknown}


   Skills:
 * Level 5.5 Fighting
 * Level 5.1 Long Blades
 - Level 4.0 Dodging
 + Level 4.5 Stealth
 - Level 4.0 Shields


You had 6 spell levels left.
You didn't know any spells.
Your spell library contained the following spells:

 Spells                   Type           Power      Damage    Failure   Level
 Dazzling Flash           Conj/Hex       0%         N/A       98%         3
 Ozocubu's Armour         Ice            0%         N/A       98%         3
 Iskenderun's Mystic Bla  Conj/Tloc      0%         2d3       100%        4
 Starburst                Conj/Fire      0%         6d3       100%        6
 Ozocubu's Refrigeration  Ice            0%         4d5       100%        7


Dungeon Overview and Level Annotations

Branches:
Dungeon (5/15)
 Temple: D:4-7

Altars:
Ru

Shops:
D:3 ?


Innate Abilities, Weirdness & Mutations

You cannot wear most types of armour.
You are amphibious.
You can wear up to eight rings at the same time.
Your skin changes colour to match your surroundings (Stealth+).
Your rubbery body absorbs attacks. (AC +1, EV +1)
You are hated by all.
((You are camouflaged when in or above water. (Stealth+)))
You have tentacles for arms and can constrict up to eight enemies at once.


Message History

You barely miss the orc. You grab the orc. You squeeze the orc.
You kill the orc!
You constrict the orc priest, but do no damage.
The scorpion stings you! You block the orc's attack.
The orc priest mumbles some strange prayers to Beogh against you.
Pain shoots through your body!
A dart slug comes into view.
You hit the orc priest.
The orc priest is moderately wounded.
You constrict the orc priest. You block the scorpion's attack.
The orc hits you from afar with a +0 trident.
The orc priest hits you with a +0 hand axe.
You block the iguana's attack. The scorpion stings you!
* * * LOW HITPOINT WARNING * * *
You are lethally poisoned!
The scorpion poisons you!
You feel better.
You constrict the orc priest.
You kill the orc priest!
You block the orc's attack. The scorpion stings you!
* * * LOW HITPOINT WARNING * * *
The iguana barely misses you.
Okay, then.
You feel better.
The orc hits you from afar with a +0 trident.
* * * LOW HITPOINT WARNING * * *
The scorpion closely misses you. You block the iguana's attack.
The scorpion stops glowing.
You block the scorpion's attack. The scorpion barely misses you.
You block the scorpion's attack.
You hit the iguana but do no damage. Your grab misses the iguana.
You block the iguana's attack. You block the orc's attack.
You hit the iguana but do no damage. Your grab misses the iguana.
You block the iguana's attack. You block the orc's attack.
You hit the iguana but do no damage. Your grab misses the iguana.
The iguana closely misses you.
The orc hits you from afar with a +0 trident!
* * * LOW HITPOINT WARNING * * *
The iguana bites you!
You die...

#.# #. #†######. #.##..<#.
### #######.##...#.
...###.....#.##...#. .
............>#...#. ..
#.#.........#...#. #.
#.#....#....#...#.
#####.####@..?).#...<#...#.
#.......sl#(....#.......##.
#..>.....o#...#............
#.........##..######.######
#.........##.......(.#
#.......w.##..######+#
#.........###.#
#..........##.# ...#
##..........##.## ....#


You could see a scorpion, an iguana, a dart slug and an orc.

Vanquished Creatures
  Sigmund (D:4)
  2 ogres
  A scorpion (D:4)
  A howler monkey (D:4)
  A hound (D:4)
  2 centaur skeletons
  An orc priest (D:5)
  2 iguanas (D:5)
  2 orc wizards (D:4)
  A hound skeleton (D:5)
  3 adders
  A gnoll (D:2)
  An adder skeleton (D:4)
  A worm (D:2)
  6 dart slugs
  11 orcs
  6 ball pythons
  8 endoplasms
  3 giant cockroaches (D:1)
  3 hobgoblins
  2 jackals (D:2)
  4 quokkas
  6 bats
  2 frilled lizards
  6 goblins
  4 kobolds (D:1)
  4 rats
85 creatures vanquished.

Notes
Turn   | Place    | Note
-------+----------+-------------------------------------------
     0 | D:1      | Tirrikindir the Octopode Fighter began the quest for the
                  | Orb.
     0 | D:1      | Reached XP level 1. HP: 16/16 MP: 1/1
    49 | D:1      | Reached XP level 2. HP: 15/21 MP: 2/2
   259 | D:1      | Reached skill level 1 in Stealth
   403 | D:1      | Reached XP level 3. HP: 26/26 MP: 3/3
  1347 | D:2      | Found a faded altar of an unknown god.
  1457 | D:2      | Reached XP level 4. HP: 18/33 MP: 4/4
  1754 | D:2      | Prayed at the altar of an unknown god.
  1754 | D:2      | Became a worshipper of Ru the Awakened
  1759 | D:2      | Gained mutation: You are hated by all. [Ru sacrifice]
  1759 | D:2      | Reached * piety under Ru
  1759 | D:2      | Reached ** piety under Ru
  1906 | D:3      | Found Tull's Magic Scroll Shop.
  1914 | D:3      | Bought a scroll of identify for 20 gold pieces
  1914 | D:3      | Bought a scroll of noise for 10 gold pieces
  1914 | D:3      | Bought a scroll of magic mapping for 35 gold pieces
  2393 | D:4      | Noticed a scorpion
  2398 | D:4      | Killed a scorpion
  2399 | D:4      | Reached XP level 5. HP: 27/37 MP: 5/5
  2725 | D:4      | Noticed Sigmund
  2730 | D:4      | Reached XP level 6. HP: 34/43 MP: 6/6
  3010 | D:4      | Killed Sigmund
  3011 | D:4      | Reached XP level 7. HP: 21/49 MP: 7/7
  3085 | D:4      | Reached skill level 5 in Fighting
  3411 | D:5      | Entered Level 5 of the Dungeon
  3514 | D:5      | Reached skill level 5 in Long Blades
  3820 | D:5      | Mangled by an iguana

Illustrated notes

Levels and vault maps discovered:
D:1:      moated_graveyard_arrival, layout_loops_ring,
          minmay_misc_feat_nine_boxes, grunt_decor_fettered,
          minmay_misc_feat_room, minmay_cupped
D:2:      layout_basic, shapermc_ecumenical_altar_mp_vishouse, st_stairs_14,
          amcnicky_mini_pool_small, nicolae_elevator_lobby_asterisk
D:3:      layout_rooms, serial_shops, shop_statue
D:4:      layout_cave_pools, uniq_sigmund
D:5:      layout_basic, minmay_temple_entry_enclosed_plants

Skill      XL: |  1  2  3  4  5  6  7 |
---------------+----------------------+-----
Stealth        | 1 2 3 4 |  4.5
Long Blades    | 3 4 5 |  5.1
Fighting       | 4 5 |  5.5
Shields        | 4 |  4.0
Dodging        | 4 |  4.0

Action                   |  1- 3 |  4- 6 |  7- 9 || total
-------------------------+-------+-------+-------++-------
Melee: Long sword        |    70 |    59 |    33 ||   162
       Constrict         |    21 |    18 |     8 ||    47
       Tentacles         |    11 |    11 |    11 ||    33
       Punch             |     1 |     1 |     1 ||     3
Throw: Boomerang         |       |    18 |     1 ||    19
Invok: Sacrifice Love    |       |     1 |       ||     1
  Use: Scroll            |     1 |     6 |       ||     7
       Potion            |       |     2 |     3 ||     5
 Stab: Sleeping          |     9 |     7 |     3 ||    19
       Distracted        |       |     1 |     1 ||     2
Armor: Skin              |     5 |     2 |     1 ||     8
Dodge: Dodged            |    37 |    23 |    12 ||    72
Block: Buckler           |    14 |       |       ||    14
       Kite shield       |     2 |    24 |    30 ||    56
